 Dungeon Crawl Stone Soup version 0.20-a0-251-g16a58bf (webtiles) character file.

447 KristoblXynda the Sneak (level 7, -7/62 HPs)
             Began as a Naga Monk on Nov 30, 2016.
             Was a Believer of Dithmenos.
             Mangled by an orc
             ... wielding a +0 mace
              (9 damage)
             ... on level 4 of the Dungeon.
             The game lasted 00:08:46 (3698 turns).

KristoblXynda the Sneak (Naga Monk)                 Turns: 3698, Time: 00:08:46

Health: -7/62      AC:  4    Str: 13    XL:     7   Next: 3%
Magic:  9/9        EV: 11    Int: 15    God:    Dithmenos [**....]
Gold:   247        SH:  0    Dex: 14    Spells: 6/6 levels left

rFire  . . .     SeeInvis +     h - +0 dagger
rCold  . . .     Gourm    .     a - +0 robe
rNeg   + . .     Faith    .     (no shield)
rPois  +         Spirit   .     o - +0 helmet {Int+3}
rElec  .         Reflect  .     (no cloak)
rCorr  .         Harm     .     (no gloves)
MR     .....                    (no barding)
Stlth  ++++......               (no amulet)
                                (no ring)
                                k - ring of positive energy

@: wreathed by umbra, very slow
A: see invisible, deformed body, poison resistance, slowness 2, slow metabolism
1, spit poison 1, AC +2
a: Spit Poison, Shadow Step, Renounce Religion


You were on level 4 of the Dungeon.
You worshipped Dithmenos.
Dithmenos was pleased with you.
You were not hungry.

You visited 1 branch of the dungeon, and saw 4 of its levels.

You collected 247 gold pieces.

Inventory:

Hand Weapons
 e - a +6 club
 h - a +0 dagger (weapon)
Missiles
 i - 4 silver javelins (quivered)
Armour
 a - a +0 robe (worn)
 g - +0 fire dragon scales
 o - a +0 helmet of intelligence (worn)
Jewellery
 k - a ring of positive energy (left hand)
Scrolls
 c - a scroll of enchant armour {unknown}
 d - 2 scrolls of identify
 j - a scroll of remove curse
 l - a scroll of fear
Comestibles
 b - 4 bread rations


   Skills:
 - Level 3.0 Fighting
 + Level 0.4 Armour
 - Level 3.0 Dodging
 + Level 6.9 Stealth
 + Level 5.0 Unarmed Combat
 - Level 3.2 Invocations


You had 6 spell levels left.
You didn't know any spells.

Dungeon Overview and Level Annotations

Branches:
Dungeon (4/15)
 Temple: D:4-7

Altars:
Dithmenos
Elyvilon

Annotations:
D:4 Grinder


Innate Abilities, Weirdness & Mutations

You cannot wear boots.
Your serpentine skin is tough. (AC +2)
You have supernaturally acute eyesight. (SInv)
Armour fits poorly on your strangely shaped body.
Your system is resistant to poisons. (rPois)
You cover ground very slowly.
You have a slow metabolism.
You can spit poison.


Message History

* * * LOW HITPOINT WARNING * * *
Unknown command.
You aren't carrying any potions.
Unknown command.
Throwing (i - inventory):
i - 6 silver javelins (quivered)
Press: ? - help, Shift-Dir - straight line, f/p - orc
Aim: an orc, wielding a mace and wearing a scale mail (umbra)
You throw a silver javelin. The silver javelin hits the orc.
The orc is severely wounded.
The orc completely misses you.
Unknown command.
Throwing (i - inventory):
i - 5 silver javelins (quivered)
Press: ? - help, Shift-Dir - straight line, f/p - orc
Aim: an orc, wielding a mace and wearing a scale mail (severely wounded, umbra)
You throw a silver javelin.
The silver javelin barely misses the orc.
The silver javelin closely misses the orc.
You have got your breath back.
The orc barely misses you. The orc hits you with a mace!
You die...

#?........# # ###.........# #
.'.........# # #.........# #
###.........#### ########
..'............. ........
#.........# ##.###.
##....)....#############.....
.........(....oo@..........#####.
o. ###.........###########..#..†.
.# #.........# ##...##. .#
#....#†#### ##..##. .# #....#.#
#..... .# ######'##### #...#. .#
#......# #..... .# #......#
#..##. .# ### #......# #..##.


You could see 2 orcs.

Vanquished Creatures
  Menkaure (D:4)
  A crimson imp (D:4)
  A centaur skeleton (D:4)
  A bullfrog skeleton (D:4)
  A hound (D:4)
  An orc wizard (D:4)
  A worker ant (D:4)
  Robin (D:2)
  A gnoll (D:1)
  2 adders
  An adder skeleton (D:4)
  A worm (D:2)
  2 dart slugs
  4 leopard geckos
  18 orcs
  A ball python (D:4)
  9 bats
  4 giant cockroaches
  11 goblins
  6 hobgoblins
  A jackal (D:2)
  2 quokkas
  3 frilled lizards
  6 kobolds
  A leopard gecko skeleton (D:4)
  10 rats
91 creatures vanquished.

Notes
Turn   | Place    | Note
-------+----------+-------------------------------------------
     0 | D:1      | KristoblXynda the Naga Monk began the quest for the Orb.
     0 | D:1      | Reached XP level 1. HP: 21/21 MP: 1/1
   112 | D:1      | Reached XP level 2. HP: 12/28 MP: 2/2
   428 | D:1      | Reached XP level 3. HP: 21/34 MP: 3/3
   731 | D:1      | Reached skill level 4 in Stealth
  1064 | D:2      | Noticed Robin
  1090 | D:2      | Killed Robin
  1090 | D:2      | Reached XP level 4. HP: 15/42 MP: 4/4
  1512 | D:2      | Found a shadowy altar of Dithmenos.
  1515 | D:2      | Found a white marble altar of Elyvilon.
  1547 | D:2      | Became a worshipper of Dithmenos the Shadowed
  1547 | D:2      | Reached * piety under Dithmenos
  1547 | D:2      | Reached ** piety under Dithmenos
  1671 | D:2      | You fall through a shaft for 2 floors!
  1674 | D:4      | Noticed Menkaure
  1698 | D:4      | Killed Menkaure
  1698 | D:4      | Reached skill level 5 in Stealth
  1698 | D:4      | Reached XP level 5. HP: 6/49 MP: 4/6
  1698 | D:4      | Reached XP level 6. HP: 7/56 MP: 4/7
  2243 | D:4      | Reached skill level 6 in Stealth
  3073 | D:4      | Noticed Grinder
  3076 | D:4      | Paralysed by Grinder for 5 turns
  3085 | D:4      | Paralysed by Grinder for 6 turns
  3536 | D:4      | Reached skill level 5 in Unarmed Combat
  3652 | D:4      | Reached XP level 7. HP: 62/62 MP: 9/9
  3694 | D:4      | HP: 3/62 [orc/mace (3)]
  3696 | D:4      | HP: 1/62 [orc/mace (2)]
  3698 | D:4      | Mangled by an orc

Vault maps used:
D:1:      erik_arrival_cave_to_civilisation
D:2:      grunt_temple_overflow_open, first_bread, uniq_robin
D:4:      trog_butcher_becter, uniq_menkaure, uniq_grinder

Skill      XL: |  1  2  3  4  5  6 |
---------------+-------------------+-----
Stealth        | 4 5 6 |  6.9
Dodging        | 3 |  3.0
Unarmed Combat | 4 5 |  5.0
Invocations    | 2 3 |  3.2
Fighting       | |  3.0
Armour         | |  0.4

Action                   |  1- 3 |  4- 6 |  7- 9 || total
-------------------------+-------+-------+-------++-------
Melee: Unarmed           |    58 |     8 |       ||    66
       Punch             |     1 |     1 |       ||     2
       Club              |       |   114 |       ||   114
       Dagger            |       |     1 |    29 ||    30
Throw: Javelin           |     7 |       |     6 ||    13
 Abil: Spit Poison       |    27 |    24 |     3 ||    54
  Use: Potion            |     5 |     6 |       ||    11
       Scroll            |       |     6 |       ||     6
 Stab: Sleeping          |       |     9 |       ||     9
  Eat: Fruit             |     1 |     3 |       ||     4
       Chunk             |       |     5 |       ||     5
       Beef jerky        |       |     1 |       ||     1
Armor: Robe              |    16 |    28 |     4 ||    48
       Skin              |    11 |     3 |       ||    14
Dodge: Dodged            |    36 |    87 |    25 ||   148
